AoeStats
← Fattazz Ninja

MegaRandom

509720970Analyzed
2v2 RM · 5d ago on Sep 27, 2026· 55m 12s· 4 players
Game mode
Random Map
Map size
Medium (4 player)
Population
200
Speed
Normal
Resources
Standard
Victory
Conquest
Starting age
Dark Age
Ending age
Imperial Age
RankedLock teamsTeams togetherTeam positionsShared explorationLock speedFull tech treeHidden civsTurbo modeCheats
Victory
Defeat
🇪🇸 Teutons · Spain
738
+14
🇪🇸 Britons · Spain
709
+15
🇺🇸 Armenians · United States
739
-16
🇺🇸 Mongols · United States
655
-13
Fattazz Ninja
0:39 Loom
13:53 Feudal Age
20:40 Castle Age
20:08 Bloodlines
19:53 Double-Bit Axe
19:55 Horse Collar
21:43 Wheelbarrow
21:34 Heavy Plow
22:30 Bow Saw
23:36 Squires
23:44 Thumb Ring
27:12 Hand Cart
26:39 Elite Skirmisher
29:11 Padded Archer Armor
29:02 Fletching
32:28 Husbandry
35:08 Pikeman
36:34 Crossbowman
42:57 Imperial Age
42:31 Ballistics
42:21 Scale Barding Armor
42:27 Forging
42:19 Scale Mail Armor
42:16 Bodkin Arrow
44:33 Conscription
43:39 Cavalier
47:12 Parthian Tactics
50:30 Chain Barding Armor
50:27 Chain Mail Armor
YoSoyMeistro
0:29 Loom
13:17 Feudal Age
14:32 Horse Collar
15:53 Town Watch
16:10 Arson
15:46 Man-at-Arms
15:47 Pikeman
16:41 Double-Bit Axe
17:55 Wheelbarrow
17:30 Scale Mail Armor
17:41 Forging
17:32 Padded Archer Armor
17:24 Fletching
17:45 Gold Mining
19:52 Long Swordsman
23:51 Castle Age
21:55 Stone Mining
24:44 Elite Skirmisher
25:09 Two-Handed Swordsman
25:52 Squires
25:39 Gambesons
30:42 Iron Casting
30:37 Heavy Plow
33:18 Chain Mail Armor
35:22 Bow Saw
37:49 Gold Shaft Mining
38:04 Ballistics
38:32 Bodkin Arrow
38:54 Leather Archer Armor
47:05 Imperial Age
47:09 Elite Composite Bowman
48:11 Conscription
47:59 Fereters
48:03 Bracer
48:35 Ring Archer Armor
48:37 Plate Mail Armor
Alquimista_Latino
5:32 Loom
12:03 Feudal Age
14:55 Wheelbarrow
17:14 Castle Age
17:27 Double-Bit Axe
17:29 Horse Collar
18:56 Scale Barding Armor
19:02 Forging
21:54 Light Cavalry
24:52 Fletching
25:38 Iron Casting
25:51 Elite Skirmisher
28:11 Bodkin Arrow
28:37 Chain Barding Armor
29:34 Hand Cart
30:41 Heavy Plow
33:33 Pikeman
34:14 Squires
34:00 Arson
36:26 Bow Saw
37:07 Ballistics
37:53 Stone Mining
37:54 Gold Mining
41:36 Imperial Age
40:58 Scale Mail Armor
40:58 Padded Archer Armor
41:23 Yeomen
42:59 Halberdier
44:44 Blast Furnace
43:59 Chain Mail Armor
44:19 Conscription
44:52 Gold Shaft Mining
46:05 Hoardings
46:40 Chemistry
45:51 Masonry
45:51 Siege Engineers
46:48 Chemistry
48:09 Husbandry
48:44 Architecture
48:20 Bracer
ElVilKelowna
8:05 Loom
16:20 Feudal Age
16:57 Horse Collar
17:09 Double-Bit Axe
18:33 Wheelbarrow
23:13 Castle Age
25:13 Bow Saw
25:34 Gold Mining
25:34 Stone Mining
25:51 Heavy Plow
32:02 Hand Cart
31:24 Elite Skirmisher
33:17 Caravan
35:10 Scale Barding Armor
35:16 Forging
36:02 Coinage
38:41 Stone Shaft Mining
37:35 Pikeman
39:38 Masonry
43:30 Imperial Age
44:42 Conscription
45:07 Hoardings
45:17 Crop Rotation
46:07 Two-Man Saw
46:43 Siege Engineers
47:00 Ballistics
46:50 Cavalier
54:57 Banking
54:39 Guilds
54:26 Elite Teutonic Knight
Connection lost

Rejoining the realm…

Still unreachable

The connection could not be restored.

Session expired

The server has moved on; the page needs a fresh start.